 Dungeon Crawl Stone Soup version 0.25-a0-424-g80bd347ae0 (console) character file.

Game seed: 14475697552765216847, levelgen mode: deterministic

9 Asser the Sneak (level 2, 16/17 HPs)
             Began as a Vampire Enchanter on Jan 23, 2020.
             Safely got out of the dungeon.
             The game lasted 00:03:03 (197 turns).

Asser the Sneak (Vampire Enchanter)                  Turns: 197, Time: 00:03:04

Health: 16/17      AC:  2    Str:  5 (7)  XL:     2   Next: 3%
Magic:  5/5        EV: 12    Int: 14 (17) God:
Gold:   11         SH:  0    Dex: 11 (14) Spells: 4/5 levels left

rFire    . . .     SeeInvis +   a - +1 dagger
rCold    . . .     Gourm    .   (no shield)
rNeg     . . .     Faith    .   b - +0 robe
rPois    .         Spirit   .   (no helmet)
rElec    .         Reflect  .   (no cloak)
rCorr    .         Harm     .   (no gloves)
MR       .....                  (no boots)
Stlth    +++.......             (no amulet)
HPRegen  0.25/turn              (no ring)
MPRegen  0.09/turn              (no ring)

@: regenerating quickly
A: no food, fangs 3, see invisible, [frail 1], unbreathing
a: Exsanguinate


You escaped.
You were alive.

You visited 1 branch of the dungeon, and saw 1 of its levels.

You collected 11 gold pieces.

Inventory:

Hand Weapons
 a - a +1 dagger (weapon)
Armour
 b - a +0 robe (worn)


   Skills:
 + Level 1.1 Short Blades
 + Level 2.1 Dodging
 + Level 4.6 Stealth
 + Level 2.3 Spellcasting
 + Level 4.6 Hexes


You had 4 spell levels left.
You knew the following spells:

 Your Spells              Type           Power        Failure   Level  Hunger
a - Corona                Hex            ##.....      3%          1    N/A

Your spell library contained the following spells:

 Spells                   Type           Power        Failure   Level  Hunger
 Confusing Touch          Hex            ##......     10%         3    N/A
 Tukima's Dance           Hex            ##......     10%         3    N/A
 Ensorcelled Hibernation  Hex/Ice        #.....       13%         2    N/A
 Dazzling Flash           Conj/Hex       #.....       26%         3    N/A

Dungeon Overview and Level Annotations

Branches:
Dungeon (1/15)

Altars:


Innate Abilities, Weirdness & Mutations

You do not eat.
Your natural rate of healing is unusually fast.
You have razor-sharp teeth.
You have supernaturally acute eyesight. (SInv)
You can survive without breathing.
[You are frail. (-10% HP)]


Message History

There are monsters nearby!
The rat twitches its whiskers.
The frilled lizard closely misses you. The hobgoblin hits you with a +0 club.
The frilled lizard bites you. The giant cockroach bites you.
The giant cockroach misses you.
You see here a +0 whip.
The giant cockroach waves its antennae.
There is a stone staircase leading down here.
You can't go up here!
The giant cockroach bites you but does no damage.
The giant cockroach completely misses you.
The giant cockroach completely misses you.
There is an open door here.
The giant cockroach barely misses you.
There is a staircase leading out of the dungeon here.
Are you sure you want to leave the Dungeon?
This will make you lose the game! The giant cockroach closely misses you.
The giant cockroach bites you but does no damage.
You have escaped!

##### ##8.8###
#......# #......#
##......#
#8.r....###
#@sg.g.l'.#
#8......#.#
##......#.#
#......#.########
#......#rg.)rg...
##8.8####l#####.#
##### #.....l..
#######.. ###


You could see a giant cockroach, 2 hobgoblins, a frilled lizard and a rat.

Vanquished Creatures
  An ooze (D:1)
  A dart slug (D:1)
  A kobold (D:1)
3 creatures vanquished.

Notes
Turn   | Place    | Note
-------+----------+-------------------------------------------
     0 | D:1      | Asser the Vampire Enchanter began the quest for the Orb.
     0 | D:1      | Reached XP level 1. HP: 13/13 MP: 3/3
   107 | D:1      | Reached XP level 2. HP: 5/17 MP: 5/5
   197 | D:$      | Safely got out of the dungeon.

Levels and vault maps discovered:
D:1:      mrwooster_arrival_statue_3, layout_basic

Action                   || total
-------------------------++-------
Melee: Dagger            ||    23
       Bite              ||     2
 Abil: Exsanguinate      ||     1
       Revivify          ||     1
  Use: Scroll            ||     2
       Potion            ||     1
 Stab: Sleeping          ||     1
Armor: Robe              ||     5
Dodge: Dodged            ||    26

Table legend:
 A = Non-vault XP
 B = Vault XP
 C = Vault XP percentage of total XP
 D = Non-vault monster count
 E = Vault monster count
 F = Vault count percentage of total count
                 A         B        C        D         E       F
            +---------+---------+-------+---------+---------+-------
      Total |      13 |       0 |   0.0 |       3 |       0 |   0.0
            +---------+---------+-------+---------+---------+-------
        D:1 |      13 |       0 |   0.0 |       3 |       0 |   0.0
            +---------+---------+-------+---------+---------+-------
